 Dungeon Crawl Stone Soup version 0.31-a0-202-g547052bce9 (webtiles) character file.

Game seed: 1776470257506343791

142 qw the Skirmisher (level 5, 0/29 HPs)
             Began as a Deep Elf Hunter on June 26, 2023.
             Slain by a gnoll
             ... wielding a +0 whip
              (4 damage)
             ... on level 3 of the Dungeon.
             The game lasted 00:00:38 (1355 turns).

qw the Skirmisher (Deep Elf Hunter)                 Turns: 1355, Time: 00:00:39

Health: 0/29       AC:  5    Str: 10    XL:     5   Next: 4%
Magic:  7/7        EV: 11    Int: 14    God:
Gold:   130        SH:  0    Dex: 18    Spells: 4/4 levels left

rFire   + . .        Y - +0 shortbow
rCold   + . .        (shield currently unavailable)
rNeg    . . .        d - +0 ring mail
rPois   .            (no helmet)
rElec   .            b - scarf {rC+ rF+}
rCorr   .            (no gloves)
SInv    .            (no boots)
Will    .....        (no amulet)
Stlth   +            (no ring)
HPRegen 0.24/turn    (no ring)
MPRegen 0.10/turn

%: no passive effects
@: lethally poisoned (0 -> -3)
A: no striking features
a: no special abilities


You were on level 3 of the Dungeon.
You visited 1 branch of the dungeon, and saw 3 of its levels.

You collected 130 gold pieces.


   Skills:
 - Level 1.5 Fighting
 + Level 8.4 Ranged Weapons
 - Level 2.4 Dodging
 - Level 1.2 Stealth


You had 4 spell levels left.
You didn't know any spells.
Your spell library was empty.

Inventory:

Hand Weapons
 Y - a +0 shortbow (weapon)
Armour
 b - a scarf of resistance (worn)
 d - a +0 ring mail (worn)
 i - a +0 helmet
Scrolls
 a - 2 scrolls of identify
 c - a scroll of amnesia {unknown}
 j - a scroll of silence {unknown}
Potions
 e - 3 potions of heal wounds {unknown}
 f - a potion of enlightenment
 g - a potion of magic {unknown}
 h - a potion of mutation {unknown}

Dungeon Overview and Level Annotations

Branches:
Dungeon (3/15)

Altars:

Shops:
D:3 :


Message History

A gnoll comes into view. It is wielding a +0 whip.
You see here a purple potion.
You shoot an arrow. The arrow hits the gnoll.
The gnoll is almost dead.
You shoot an arrow. The arrow hits the gnoll.
You kill the gnoll!
You shoot an arrow. The arrow hits the gnoll!
The gnoll is severely wounded.
The gnoll barely misses you.
You shoot an arrow. The arrow hits the gnoll!
You kill the gnoll!
You shoot an arrow. The arrow hits the gnoll.
The gnoll is moderately wounded.
The gnoll closely misses you.
You shoot an arrow. The arrow closely misses the gnoll.
The gnoll hits you from afar with a +0 spear.
An adder comes into view.
You shoot an arrow. The adder hisses angrily.
The arrow hits the gnoll.
The gnoll is heavily wounded.
The gnoll hits you from afar with a +0 spear.
You shoot an arrow. The arrow hits the gnoll!
You kill the gnoll!
You have reached level 5!
You shoot an arrow. The arrow hits the gnoll!
The gnoll is severely wounded.
The gnoll hits you with a +0 whip!
You shoot an arrow. The arrow hits the gnoll.
The gnoll is severely wounded.
The adder closely misses you. The gnoll hits you with a +0 whip!
You shoot an arrow. The arrow hits the gnoll.
The gnoll is almost dead.
The adder bites you.
You are poisoned.
The adder poisons you! The gnoll barely misses you.
The adder bites you but does no damage.
You shoot an arrow. The arrow closely misses the gnoll.
You feel sick. The gnoll hits you with a +0 whip.
You die...

.. .# .. .# #######.#
##.....#)# ##......gS#
#.......@)#
#.........###
#.............
#.........)....
#...............
#########...............
....................>...
.....\..................
.########.........)...


You could see a gnoll and an adder.

Vanquished Creatures
  3 gnolls (D:3)
  5 adders
  3 dart slugs (D:2)
  A worm (D:2)
  5 ball pythons
  6 endoplasms
  3 giant cockroaches
  8 goblins
  5 hobgoblins
  7 kobolds
  2 quokkas (D:1)
  4 bats
  5 frilled lizards
  4 rats
61 creatures vanquished.

Notes
Turn   | Place    | Note
-------+----------+-------------------------------------------
     0 | D:1      | qw the Deep Elf Hunter began the quest for the Orb.
     0 | D:1      | Reached XP level 1. HP: 12/12 MP: 3/3
     0 | D:1      | 0 ||| qw: Version: 0.3-a-22-g0ed2b0b
     0 | D:1      | 0 ||| qw: Game counter: 5860
     0 | D:1      | 0 ||| qw: Melee chars always use a shield: true
     0 | D:1      | 0 ||| qw: God list: Okawaru
     0 | D:1      | 0 ||| qw: Allow faded altars: false
     0 | D:1      | 0 ||| qw: Do Orc after clearing Dungeon:15 true
     0 | D:1      | 0 ||| qw: Do second Lair branch before Depths: true
     0 | D:1      | 0 ||| qw: Lair rune preference: random
     0 | D:1      | 0 ||| qw: Goals: Normal
     0 | D:1      | 0 ||| PLANNING D:1-11
   195 | D:1      | Reached skill level 6 in Ranged Weapons
   195 | D:1      | Reached XP level 2. HP: 16/16 MP: 4/4
   463 | D:1      | Found a faded altar of an unknown god.
   656 | D:1      | 656 ||| UPGRADING to +0 ring mail.
   666 | D:1      | 666 ||| DROPPING +0 leather armour.
   667 | D:1      | 667 ||| READING scroll labelled FOOCYTIOLU.
   668 | D:1      | 668 ||| READING scroll labelled POEFODE PEIKIA.
   669 | D:1      | 669 ||| DROPPING scroll of butterflies.
   687 | D:2      | Reached XP level 3. HP: 18/20 MP: 5/5
   745 | D:2      | Reached skill level 7 in Ranged Weapons
   986 | D:2      | Reached XP level 4. HP: 25/25 MP: 6/6
  1210 | D:2      | 1210 ||| UPGRADING to scarf of resistance.
  1215 | D:2      | 1215 ||| DRINKING 2 white potions.
  1258 | D:3      | Reached skill level 8 in Ranged Weapons
  1316 | D:3      | Found Kapliock's Book Emporium.
  1342 | D:3      | 1342 ||| Stepping ~*~*~tactically~*~*~ (outnumbered).
  1352 | D:3      | Reached XP level 5. HP: 22/29 MP: 7/7
  1354 | D:3      | HP: 6/29 [adder (2)]
  1355 | D:3      | Slain by a gnoll

Levels and vault maps discovered:
D:1:      dpeg_arrival_rooms_a, layout_loops_ring,
          shapermc_ecumenical_altar_pompeii
D:2:      layout_loops_ring
D:3:      layout_rooms, serial_shops, shop, grunt_decor_resistance,
          hex_intersection, kennysheep_generic_room_5, uniq_terence

Skill      XL: |  1  2  3  4 |
---------------+-------------+-----
Ranged Weapons | 6 7 8 |  8.4
Fighting       | |  1.5
Dodging        | |  2.4
Stealth        | |  1.2

Action                     |  1- 3 |  4- 6 || total
---------------------------+-------+-------++-------
   Fire: Shortbow          |    87 |    59 ||   146
    Use: Scroll            |     2 |       ||     2
         Potion            |       |     1 ||     1
 Armour: Leather armour    |     2 |       ||     2
         Ring mail         |    12 |     4 ||    16
  Dodge: Dodged            |     9 |     9 ||    18

Table legend:
 A = Non-vault XP
 B = Vault XP
 C = Vault XP percentage of total XP
 D = Non-vault monster count
 E = Vault monster count
 F = Vault count percentage of total count
                 A         B        C        D         E       F
            +---------+---------+-------+---------+---------+-------
      Total |     204 |       0 |   0.0 |      61 |       0 |   0.0
            +---------+---------+-------+---------+---------+-------
        D:1 |      38 |       0 |   0.0 |      24 |       0 |   0.0
        D:2 |      99 |       0 |   0.0 |      26 |       0 |   0.0
        D:3 |      67 |       0 |   0.0 |      11 |       0 |   0.0
            +---------+---------+-------+---------+---------+-------
